 Dungeon Crawl Stone Soup version 0.26-a0-661-g406de6ba63 (webtiles) character file.

Game seed: 6147235160774737689

399 tom967 the Conjurer (level 6, -7/47 HPs)
             Began as a Draconian Conjurer on Oct 8, 2020.
             Was an Initiate of Nemelex Xobeh.
             Killed by divine providence
             ... invoked by an orc priest
              (9 damage)
             ... on level 4 of the Dungeon.
             The game lasted 00:38:56 (5885 turns).

tom967 the Conjurer (Draconian Conjurer)            Turns: 5885, Time: 00:38:56

Health: -7/47      AC:  6    Str: 10    XL:     6   Next: 53%
Magic:  4/12       EV: 12    Int: 19    God:    Nemelex Xobeh [......]
Gold:   125        SH:  0    Dex: 10    Spells: 2/13 levels left

rFire    . . .     SeeInvis .   t - +1 mace (holy)
rCold    . . .     Faith    .   (no shield)
rNeg     . . .     Spirit   .   (armour unavailable)
rPois    .         Reflect  .   (helmet restricted)
rElec    .         Harm     .   (no cloak)
rCorr    .         Rampage  .   (no gloves)
MR       .....                  (no boots)
Stlth    ++........             (no amulet)
HPRegen  0.15/turn              (no ring)
MPRegen  0.13/turn              (no ring)

@: no status effects
A: unfitting armour, cold-blooded, AC +6
a: Draw Escape, Draw Destruction, Draw Summoning, Renounce Religion


You were on level 4 of the Dungeon.
You worshipped Nemelex Xobeh.
Nemelex Xobeh was noncommittal.
You visited 1 branch of the dungeon, and saw 4 of its levels.

You collected 125 gold pieces.

Inventory:

Hand Weapons
 e - a cursed -3 dagger
 g - a +0 hunting sling
 h - a +0 dagger of holy wrath
 k - a cursed -1 dagger
 q - a +0 trident
 t - a +1 mace of holy wrath (weapon)
 w - a cursed -2 dagger
 z - a +0 spear
Missiles
 a - 34 sling bullets
 b - 168 stones (quivered)
 i - 14 bolts
 l - 20 arrows
 m - 32 poisoned darts
Armour
 f - a +2 ring mail of magic resistance
 o - a +0 scale mail
 x - a +0 buckler
 y - a +0 robe
Scrolls
 c - a scroll of noise {unknown}
 r - a scroll of fog
 u - a scroll of magic mapping {unknown}
 v - a scroll of enchant weapon {unknown}
 A - a scroll of remove curse {unknown}
Potions
 d - 8 potions of curing
 j - 2 potions of stabbing
 n - a potion of haste {unknown}
 p - 2 potions of heal wounds
 B - a potion of magic {unknown}


   Skills:
 * Level 1.6 Fighting
 + Level 0.2 Slings
 - Level 1.7 Dodging
 - Level 1.7 Stealth
 * Level 4.2 Spellcasting
 * Level 6.2 Conjurations
 * Level 1.0 Hexes


You had 2 spell levels left.
You knew the following spells:

 Your Spells              Type           Power        Failure   Level
a - Magic Dart            Conj           ####         1%          1
b - Fulminant Prism       Conj/Hex       ###.......   30%         4
c - Searing Ray           Conj           ####..       1%          2
d - Iskenderun's Mystic   Conj/Tloc      ###.....     36%         4

Your spell library contained the following spells:

 Spells                   Type           Power        Failure   Level
 Dazzling Flash           Conj/Hex       ###...       9%          3


Dungeon Overview and Level Annotations

Branches:
Dungeon (4/15)
 Temple: D:4-7

Altars:
Nemelex Xobeh


Innate Abilities, Weirdness & Mutations

Your plain brown scales are hard. (AC +6)
You cannot fit into any form of body armour.
You are cold-blooded and may be slowed by cold attacks.


Message History

The orc closely misses you.
The orc priest begins to cast a cantrip, but forgets the words!
The orc closely misses you. The orc closely misses you.
You closely miss the orc.
The orc priest looks encouraged for a moment.
You closely miss the orc. The orc misses you.
The orc priest mumbles some strange prayers to Beogh against you.
Beogh smites you! The orc barely misses you.
The orc hits you from afar with a +0 trident.
* * * LOW HITPOINT WARNING * * *
The orc hits you but does no damage.
The orc priest invokes the aid of Beogh against you.
Beogh smites you!
* * * LOW HITPOINT WARNING * * *
The orc priest invokes the aid of Beogh against you.
Beogh smites you!
You die...
Your body disappears without a glow.

.# .......... .## .##
#........# ...# ..###
#......#.##.#..
#...###.##.# #.#..#.#
###.))[....# #...##.#
##....#.### #..###.####
##........# ##.###.....#
.รท.#.))...###...##.....#
................@......#
####...................#
###...)###.#.##.....#
#####.#........##.....#
...............#......#
.....##.......o#.######
.#### #........o.#
#.......#### #.......#


You could see an orc priest.

Vanquished Creatures
  An ogre (D:4)
  A hound (D:4)
  2 orc wizards
  Terence (D:2)
  A worker ant (D:4)
  A worker ant zombie (D:3)
  4 adders
  2 oozes
  5 worms
  4 dart slugs
  4 leopard geckos
  6 orcs
  7 giant cockroaches
  8 goblins
  7 hobgoblins
  7 jackals (D:3)
  12 kobolds
  2 quokkas
  8 bats
  9 frilled lizards
  8 rats
100 creatures vanquished.

Vanquished Creatures (others)
  3 fulminant prisms
3 creatures vanquished.

Grand Total: 103 creatures vanquished

Notes
Turn   | Place    | Note
-------+----------+-------------------------------------------
     0 | D:1      | tom967 the Draconian Conjurer began the quest for the Orb.
     0 | D:1      | Reached XP level 1. HP: 14/14 MP: 3/3
   511 | D:1      | Reached XP level 2. HP: 20/20 MP: 1/5
  1170 | D:1      | Reached XP level 3. HP: 27/27 MP: 1/6
  1956 | D:2      | Noticed Terence
  2000 | D:2      | Killed Terence
  2000 | D:2      | Reached skill level 1 in Fighting
  2000 | D:2      | Reached skill level 5 in Conjurations
  2000 | D:2      | Reached XP level 4. HP: 23/35 MP: 0/8
  2197 | D:2      | Learned a level 4 spell: Fulminant Prism
  2200 | D:2      | Learned a level 2 spell: Searing Ray
  3058 | D:3      | Reached XP level 5. HP: 23/40 MP: 3/9
  4512 | D:3      | Upgraded the game from 0.26-a0-660-gc07710193c to
                  | 0.26-a0-661-g406de6ba63
  4671 | D:3      | Found a sparkling altar of Nemelex Xobeh.
  4685 | D:3      | Became a worshipper of Nemelex Xobeh the Trickster
  5065 | D:3      | Learned a level 4 spell: Iskenderun's Mystic Blast
  5520 | D:4      | Reached skill level 6 in Conjurations
  5520 | D:4      | Reached XP level 6. HP: 24/47 MP: 1/11
  5854 | D:4      | Reached skill level 1 in Hexes
  5879 | D:4      | HP: 1/47 [orc priest/divine providence (12)]
  5885 | D:4      | Killed from afar by an orc priest

Illustrated notes

Levels and vault maps discovered:
D:1:      dpeg_arrival_three_same_balls, layout_loops_corners,
          minmay_pentomino_s4
D:2:      layout_rooms, uniq_terence
D:3:      wad_river_or_something, layout_loops_ring, nemelex_lonely_heart_becter
D:4:      layout_rooms

Skill      XL: |  1  2  3  4  5  6 |
---------------+-------------------+-----
Fighting       | 1 |  1.6
Conjurations   | 5 6 |  6.2
Spellcasting   | 3 4 |  4.2
Hexes          | 1 |  1.0
Slings         | |  0.2
Dodging        | |  1.7
Stealth        | |  1.7

Action                   |  1- 3 |  4- 6 || total
-------------------------+-------+-------++-------
Melee: Unarmed           |    21 |       ||    21
       Tailslap          |     2 |     2 ||     4
       Hunting sling     |     7 |     4 ||    11
       Mace              |       |    21 ||    21
       Trident           |       |     2 ||     2
 Fire: Hunting sling     |     4 |     1 ||     5
Throw: Stone             |       |     1 ||     1
 Cast: Magic Dart        |    75 |   121 ||   196
       Searing Ray       |       |     8 ||     8
       Fulminant Prism   |       |     3 ||     3
  Use: Scroll            |     1 |     6 ||     7
Armor: Skin              |     5 |    19 ||    24
Dodge: Dodged            |    28 |    69 ||    97

Table legend: (Time is in decaauts)
 A = Elapsed time spent in this place.
 B = Non-inter-level travel time spent in this place.
 C = Inter-level travel time spent in this place.
 D = Time resting spent in this place.
 E = Time spent auto-exploring this place.
 F = Levels seen in this place.
 G = Mean time per level.
                   A        B        C        D        E       F      G
               +--------+--------+--------+--------+--------+-----+--------+
         Total |   5900 |   5503 |    397 |   2100 |   2611 |   4 | 1475.0 |
       Dungeon |   5900 |   5503 |    397 |   2100 |   2611 |   4 | 1475.0 |
               +--------+--------+--------+--------+--------+-----+--------+

Top non-repeatable levels by time:
     D:3: 2812 daAuts
     D:1: 1947 daAuts
     D:2: 715 daAuts
     D:4: 425 daAuts
